 Dungeon Crawl Stone Soup version 0.15-b1-82-g4aef8f9 (webtiles) character file.

2592 Kae the Basher (level 9, -3/70 HPs)
             Began as a Minotaur Fighter on Aug 15, 2014.
             Was a Follower of Qazlal.
             Killed by divine providence
             ... invoked by an orc priest
              (14 damage)
             ... on Level 8 of the Dungeon.
             The game lasted 00:10:12 (8492 turns).

Kae the Basher (Minotaur Fighter)                   Turns: 8492, Time: 00:10:12

HP  -3/70        AC 13     Str 21      XL: 9   Next: 33%
MP   4/4         EV  3     Int  7      God: Qazlal [*.....]
Gold 429         SH 16     Dex 11      Spells:  0 memorised,  8 levels left

rFire  + . .     SeeInvis .     b - +0 morningstar
rCold  + . .     Clarity  .     K - +0 plate armour
rNeg   + . .     rCorr    .     J - +5 shield "Ymoigopn" {rElec rN+}
rPois  .         rRot     .     I - +2 hat of the Alchemist {rElec rF+ rC+ MR+}
rElec  +         Spirit   .     (no cloak)
SustAb .         Warding  .     (no gloves)
rMut   .         Stasis   .     (no boots)
Gourm  .                        (no amulet)
MR     +....                    (no ring)
                                (no ring)

@: somewhat resistant to hostile enchantments, extremely unstealthy
A: retaliatory headbutt, horns 2
a: Renounce Religion


You were on level 8 of the Dungeon.
You worshipped Qazlal.
Qazlal was aware of your devotion.
You were near starving.

You visited 2 branches of the dungeon, and saw 9 of its levels.
You also visited: Sewer.

You collected 429 gold pieces.

Inventory:

Hand weapons
 a - a +0 flail
 b - a +0 morningstar (weapon)
Armour
 I - the +2 hat of the Alchemist (worn) {rElec rF+ rC+ MR+}
   (You found it on level 6 of the Dungeon)

   It protects you from fire.
   It protects you from cold.
   It insulates you from electricity.
   It affects your resistance to hostile enchantments.
 J - the +5 shield "Ymoigopn" (worn) {rElec rN+}
   (You found it on level 6 of the Dungeon)

   It insulates you from electricity.
   It protects you from negative energy.
 K - a +0 plate armour (worn)
Magical devices
 D - a wand of confusion (20)
 F - a wand of draining (4)
 H - a wand of fireball (0)
 M - a wand of draining (1)
 N - a wand of frost (10) {unknown}
 P - a wand of draining (1)
 R - a wand of digging (20) {unknown}
Comestibles
 d - 6 bread rations
 f - a slice of pizza
 i - 2 meat rations
 E - a beef jerky
 G - 2 fruits
Scrolls
 h - 2 scrolls of blinking {unknown}
 j - 2 scrolls of enchant armour {unknown}
 m - 4 scrolls of identify {unknown}
 q - a scroll of amnesia {unknown}
 r - 6 scrolls of remove curse {unknown}
 s - a scroll of fear {unknown}
 t - a scroll of teleportation {unknown}
 B - 2 scrolls of noise {unknown}
 C - a scroll of recharging {unknown}
 L - a scroll of holy word {unknown}
 O - a scroll of fog {unknown}
 Q - a scroll of brand weapon {unknown}
Jewellery
 g - an uncursed ring of flight {unknown}
 n - an uncursed amulet of faith {unknown}
 v - an uncursed ring of see invisible {unknown}
 y - an uncursed ring of ice {unknown}
 A - an uncursed amulet of the gourmand {unknown}
Potions
 c - a potion of beneficial mutation {unknown}
 e - 3 potions of might
 k - 3 potions of brilliance {unknown}
 l - 2 potions of agility
 o - a potion of resistance {unknown}
 p - a potion of degeneration {unknown}
 u - a potion of haste {unknown}
 w - 2 potions of cancellation {unknown}
 x - a potion of cure mutation {unknown}
 z - 3 potions of curing {unknown}


   Skills:
 - Level 3.6 Fighting
 + Level 14.5 Maces & Flails
 - Level 3.6 Armour
 - Level 3.6 Shields


You had 8 spell levels left.
You didn't know any spells.

Dungeon Overview and Level Annotations

Branches:
Dungeon (8/15)             Temple (1/1) D:6
   Lair: D:8-11

Altars:
Elyvilon
Kikubaaqudgha
Makhleb
Qazlal
Trog
Xom
Zin

Shops:
D:4 [   D:6 :   D:7 [


Innate Abilities, Weirdness & Mutations

You reflexively headbutt those who attack you in melee.
You have a pair of horns on your head.


Message History

The orc warrior is severely wounded.
The orc warrior hits you with a dire flail.
You puncture the orc warrior!
You kill the orc warrior!
Qazlal accepts your kill. You block the orc's attack.
The orc hits you but does no damage.
The orc priest prays to Beogh.
You feel troubled.
You puncture the orc!
You kill the orc!
Qazlal accepts your kill.
The orc priest invokes the aid of Beogh against you.
Something smites you!
* * * LOW HITPOINT WARNING * * *
You are too injured to fight recklessly!
Unknown command.
The orc priest calls down the wrath of Beogh upon you.
Something smites you!
You die...

#.# .. ≈≈≈ #.# ..#....
#.# ..#... #.# ...#..
#.# #...#. #####.####
#....# #........# #.#
. #....o...# ##.##..
#....@...# #.....#
#####§##########....#.
#.)......#......#..
#........#.....#...
#........#....#....
#....≈≈..#......###
#..≈≈≈≈.<..........
#..)≈≈≈..#[.....###
#........########


You could see an orc priest.

Vanquished Creatures
  Eustachio (D:7)
  A hippogriff (D:7)
  An ice beast (D:4)
  2 black bears
  2 phantoms
  A sky beast (D:7)
  2 orc warriors
  An ogre (D:5)
  2 centaurs (D:7)
  3 jellies
  Blork the orc (D:7)
  3 giant frogs
  3 crimson imps (D:7)
  3 orc priests
  4 hounds
  2 quasits (D:7)
  5 orc wizards
  2 worker ants
  Jessica (D:3)
  Terence (D:2)
  2 hound skeletons
  4 gnolls (D:8)
  11 adders
  3 green rats
  5 giant mites
  A white imp (D:7)
  3 shadow imps
  An ufetubus (D:7)
  5 worms
  An iguana skeleton (D:7)
  An adder skeleton (D:8)
  6 giant geckos
  An ooze (D:7)
  22 orcs
  10 bats
  11 giant cockroaches
  9 hobgoblins
  10 jackals
  2 quokkas
  2 ball pythons
  9 giant newts
  12 goblins
  9 kobolds
  An orc skeleton (D:4)
  4 orc zombies
  11 rats
  3 ballistomycetes (D:6)
200 creatures vanquished.

Vanquished Creatures (others)
  A giant spore (D:6)
1 creature vanquished.

Grand Total: 201 creatures vanquished

Notes
Turn   | Place    | Note
--------------------------------------------------------------
     0 | D:1      | Kae, the Minotaur Fighter, began the quest for the Orb.
     0 | D:1      | Reached XP level 1. HP: 19/19 MP: 1/1
   229 | D:1      | Reached XP level 2. HP: 23/26 MP: 1/1
   733 | D:2      | Reached skill level 4 in Maces & Flails
   735 | D:2      | HP: 1/26 [worm (7)]
  1056 | D:2      | Reached XP level 3. HP: 19/31 MP: 2/2
  1557 | D:2      | Reached skill level 5 in Maces & Flails
  1879 | D:2      | Reached XP level 4. HP: 25/39 MP: 2/2
  2137 | D:2      | Noticed Terence
  2147 | D:2      | Killed Terence
  2437 | D:3      | Noticed Jessica
  2449 | D:3      | Killed Jessica
  2449 | D:3      | Reached skill level 6 in Maces & Flails
  2655 | D:2      | Reached XP level 5. HP: 4/45 MP: 2/2
  3301 | D:3      | Reached skill level 7 in Maces & Flails
  3471 | D:4      | Noticed a phantom
  3472 | D:4      | Found Ghemp's Armour Emporium.
  3506 | D:4      | Killed a phantom
  3506 | D:4      | Reached XP level 6. HP: 41/51 MP: 3/3
  3526 | D:4      | Reached skill level 8 in Maces & Flails
  3765 | D:4      | Noticed an ice beast
  3772 | D:4      | Killed an ice beast
  3772 | D:4      | Reached skill level 9 in Maces & Flails
  3842 | D:4      | Reached XP level 7. HP: 52/57 MP: 3/3
  3888 | D:5      | Entered Level 5 of the Dungeon
  4294 | D:5      | Found a glowing drain.
  4396 | Sewer    | Entered a sewer
  4583 | Sewer    | Reached skill level 10 in Maces & Flails
  5433 | D:5      | Reached skill level 11 in Maces & Flails
  6052 | D:6      | Got a twisted shield
  6097 | D:6      | Identified the +5 shield "Ymoigopn" {rElec rN+} (You found it on level 6 of the Dungeon)
  6120 | D:6      | Reached XP level 8. HP: 59/64 MP: 3/3
  6419 | D:6      | Found a staircase to the Ecumenical Temple.
  6442 | Temple   | Entered the Ecumenical Temple
  6487 | Temple   | Became a worshipper of Qazlal Stormbringer
  6538 | D:6      | Found Qystyhemp's Book Shop.
  6582 | D:6      | Reached skill level 12 in Maces & Flails
  7020 | D:7      | Noticed Blork the orc
  7032 | D:7      | Killed Blork the orc
  7087 | D:7      | Found Jaontani's Antique Armour Boutique.
  7401 | D:7      | Noticed Eustachio
  7452 | D:7      | Killed Eustachio
  7452 | D:7      | Reached skill level 13 in Maces & Flails
  7908 | D:7      | Acquired Qazlal's first power
  8035 | D:7      | Reached XP level 9. HP: 66/70 MP: 4/4
  8223 | D:8      | Reached skill level 14 in Maces & Flails
  8492 | D:8      | Killed from afar by an orc priest

Action                   |  1- 3 |  4- 6 |  7- 9 || total
-------------------------+-------+-------+-------++-------
Melee: Flail             |    93 |   172 |   232 ||   497
       Morningstar       |       |       |   192 ||   192
Evoke: Wand              |       |       |     3 ||     3
  Eat: Chunk             |     3 |     6 |    14 ||    23
